 Dungeon Crawl Stone Soup version 0.18.1-1-g2f07953 (webtiles) character file.

737907 edsrzf the Slayer (level 27, -8/292 HPs)
             Began as a Naga Berserker on May 12, 2016.
             Was the Champion of Trog.
             Killed from afar by an electric golem (26 damage)
             ... with a bolt of lightning
             ... on level 3 of the Realm of Zot on May 13, 2016.
             The game lasted 04:26:01 (69926 turns).

edsrzf the Slayer (Naga Berserker)                 Turns: 69926, Time: 04:26:02

Health: -8/292     AC: 60    Str: 32    XL:     27
Magic:  12/35      EV: 16    Int: 11    God:    Trog [******]
Gold:   9315       SH:  0    Dex: 22    Spells: 0 memorised, 26 levels left

rFire  + + .     SeeInvis +     a - +11 triple sword of the Ship {slice, +Rage Dex+4}
rCold  + + .     Gourm    .     C - +9 armour of the Dragon King {rPois rF+ rC+ MR+}
rNeg   + + .     Faith    .     (shield currently unavailable)
rPois  +         Spirit   .     T - +2 helmet
rElec  .         Dismiss  .     N - +1 cloak of the Many Gods {*Confuse +Blink +Fly rC+ Int+3}
rCorr  .         Reflect  .     e - +2 pair of gloves
SustAt .         Harm     .     i - +4 naga barding {Fly}
MR     ++++.                    y - amulet "Ikhiddyu" {rN+ Regen+ Str+3 Dex+2}
Stlth  ..........               o - ring of protection from fire
                                Z - ring of Monotheism {rN+ Int+4}

@: lethally poisoned (-8 -> -9), about to teleport, very slightly contaminated,
very slow, incredibly resistant to hostile enchantments, extremely unstealthy
A: slimy green scales 1, camouflage 1, see invisible, deformed body, dopey 1,
poison resistance, screaming 1, shaggy fur 1, slowness 2, slow metabolism 1,
spit poison 2, constrict 1, AC +9
a: Spit Poison, Berserk, Trog's Hand, Brothers in Arms, Burn Spellbooks,
Renounce Religion, Evoke Blink, Evoke Berserk Rage, Evoke Flight
0: Orb of Zot
}: 3/15 runes: decaying, silver, gossamer


You were on level 3 of the Realm of Zot.
You worshipped Trog.
Trog was exalted by your worship.
You were not hungry.

You visited 12 branches of the dungeon, and saw 56 of its levels.
You also visited: Volcano.

You collected 10528 gold pieces.
You spent 1209 gold pieces at shops.

Inventory:

Hand Weapons
 a - the +11 triple sword of the Ship (weapon) {slice, +Rage Dex+4}
   (Trog gifted it to you on level 1 of the Elven Halls)

   It inflicts extra damage upon your enemies.
   It affects your dexterity (+4).
   It lets you go berserk.
 b - a +7 antimagic triple sword
Missiles
 r - 7 javelins of penetration
 P - 7 steel javelins (quivered)
Armour
 e - a +2 pair of gloves (worn)
 i - a +4 naga barding of flying (worn)
 C - the +9 armour of the Dragon King (worn) {rPois rF+ rC+ MR+}
   (You found it on level 1 of the Spider Nest)

   It protects you from fire.
   It protects you from cold.
   It protects you from poison.
   It affects your resistance to hostile enchantments.
 N - the +1 cloak of the Many Gods (worn) {*Confuse +Blink +Fly rC+ Int+3}
   (You found it on level 7 of the Dungeon)

   It affects your intelligence (+3).
   It protects you from cold.
   It lets you fly.
   It lets you blink.
   It may confuse you when you take damage.
 T - a +2 helmet (worn)
Rods
 E - a +1 rod of clouds (12/12)
   (You found it on level 2 of the Depths)
 J - a +2 rod of clouds (9/9)
   (You took it off a tengu reaver on level 5 of the Vaults)
 K - a +9 rod of inaccuracy (12/12)
   (You took it off a deep elf high priest on level 3 of the Elven Halls)
 Q - a +2 lightning rod (14/14)
   (You found it on level 3 of the Elven Halls)
Jewellery
 l - an uncursed ring of protection from cold
 o - a ring of protection from fire (right hand)
 p - an uncursed ring of protection from fire
 y - the amulet "Ikhiddyu" (around neck) {rN+ Regen+ Str+3 Dex+2}
   (You took it off a necromancer on level 3 of the Crypt)

   [amulet of regeneration]

   It affects your strength (+3).
   It affects your dexterity (+2).
   It protects you from negative energy.
   It increases your rate of regeneration.
 F - an uncursed ring of sustain attributes
 Z - the ring of Monotheism (left hand) {rN+ Int+4}
   (You found it on level 3 of the Crypt)

   [ring of positive energy]

   It affects your intelligence (+4).
   It protects you from negative energy.
Wands
 h - a wand of acid (7/15)
 q - a wand of confusion (9/48)
 z - a wand of disintegration (6/24)
 A - a wand of iceblast (10/15)
 B - a wand of paralysis (24/24)
 H - a wand of digging (16/24)
 W - a wand of lightning (7/15)
 Y - a wand of heal wounds (0/9)
Scrolls
 d - a scroll of enchant armour
 j - 4 scrolls of recharging {@r4}
 s - 29 scrolls of remove curse {@r2}
 t - 8 scrolls of fog
 x - 16 scrolls of identify {@r1}
 I - 6 scrolls of fear
 L - 4 scrolls of magic mapping
Potions
 f - 8 potions of curing
 m - 9 potions of agility
 n - 7 potions of invisibility
 v - 3 potions of flight
 w - 5 potions of resistance
 G - 5 potions of might
 S - 6 potions of cancellation
 V - 3 potions of haste
Miscellaneous
 g - an ornate deck of summoning {the Dance}
 M - 2 phantom mirrors
 U - a lamp of fire
Comestibles
 c - 25 bread rations
 u - 11 beef jerkies
 R - 25 fruits


   Skills:
 + Level 25.7 Fighting
 - Level 24.0 Long Blades
 - Level 16.2 Throwing
 + Level 19.9 Armour
 + Level 19.0 Dodging
 - Level 5.1 Stealth
 + Level 16.9 Evocations


You had 26 spell levels left.
You didn't know any spells.

Dungeon Overview and Level Annotations

Branches:
Dungeon (15/15)            Temple (0/1) D:4            Lair (8/8) D:8
  Swamp (4/4) Lair:5       Spider (4/4) Lair:5        Slime (0/6) Lair:6
    Orc (2/2) D:11            Elf (3/3) Orc:2        Vaults (5/5) D:14
  Crypt (3/3) Vaults:3       Tomb (1/3) Crypt:3      Depths (5/5) D:15
   Hell (1/1)                 Dis (0/7) Hell            Geh (0/7) Hell
    Coc (0/7) Hell            Tar (0/7) Hell            Zot (5/5) Depths:5

Altars:
Ashenzari
Cheibriados
Elyvilon
Fedhas
Kikubaaqudgha
Makhleb
Okawaru
Sif Muna
Trog
Vehumet
Xom
Yredelemnul
The Shining One
Beogh

Shops:
D:12 }   D:13 !   Orc:1 [   Orc:2 =[*(   Elf:2 (   Elf:3 }   Vaults:2 [

Portals:
Hell: Depths:1 Depths:2 Depths:3 Depths:4 Depths:5
Abyss: Depths:4 Depths:5
Pandemonium: Depths:1 Depths:3
Ziggurat: Depths:5

Annotations:
Swamp:4 Roxanne


Innate Abilities, Weirdness & Mutations

You cannot wear boots.
Your serpentine skin is tough (AC +9).
You have supernaturally acute eyesight.
Armour fits poorly on your strangely shaped body.
Your system is resistant to poisons.
You cover ground very slowly.
You have a slow metabolism.
You can spit poison.
You can use your snake-like lower body to constrict enemies.
You are partially covered in slimy green scales (AC +2).
Your skin changes colour to match your surroundings (Stealth).
You are dopey. (Int -2)
You occasionally shout uncontrollably at your foes.
You are covered in fur (AC +1).


Message History

The electric golem crackles and sizzles.
Evoke which item? (* to show all) (? for menu, Esc to quit)
Zapping:
Y - a wand of heal wounds (1/9)
Press: ? - help, Shift-Dir - straight line, f - you You feel much better.
This wand has 0 charges left.
The electric golem barely misses you. x2
The electric golem hits you but does no damage.
The electric golem misses you.
The green death hits you but does no damage.
A shadow imp, a sun demon and a pandemonium lord come into view.
You hit the green death but do no damage.
You grab the green death. You constrict the green death.
The electric golem hits you. The electric golem shocks you!
The electric golem hits you but does no damage. x2
The electric golem closely misses you.
Unknown command.
You chop the green death into pieces!!!
The green death is severely wounded.
You constrict the green death. The green death gestures at you.
The bolt of poison hits you!
You are poisoned.
You resist.
* * * LOW HITPOINT WARNING * * *
The electric golem barely misses you.
The electric golem completely misses you.
The electric golem hits you but does no damage. x2
Read which item? (? for menu, Esc to quit)
As you read the scroll of teleportation {@r3}, it crumbles to dust.
You feel strangely unstable.
You feel the Orb delaying your translocation!
You constrict the green death!
You feel sick.
The electric golem hits you but does no damage. x2
The electric golem misses you.
The electric golem hits you but does no damage.
The green death gestures at you. The bolt of poison hits you! You resist.
* * * LOW HITPOINT WARNING * * *
An orange demon comes into view.
Press: ? - help, v - describe, . - travel, g - get item
Here: a green death (almost dead, constricted by you)
A demonic crawler corpse.
The floor.
Unknown command.
You slice the green death!!
You kill the green death!
Trog accepts your kill.
You feel sick.
The electric golem hurls lightning at you.
The bolt of lightning hits you!
* * * LOW HITPOINT WARNING * * *
The bolt of lightning misses you.
The electric golem hurls lightning at you.
The bolt of lightning misses you. The bolt of lightning hits you!
* * * LOW HITPOINT WARNING * * *
Read which item? (? for menu, Esc to quit)
Okay, then.
You blink.
You feel slightly more hungry.
You feel sick. The orange demon barely misses you. The shadow imp misses you.
The sun demon hits you but does no damage.
You blink.
You feel slightly more hungry.
You feel sick.
The electric golem hurls lightning at you.
The bolt of lightning hits you!
* * * LOW HITPOINT WARNING * * *
The orange demon barely misses you.
An Orb Guardian comes into view.
Read which item? (? for menu, Esc to quit)
Okay, then.
Drink which item? (? for menu, Esc to quit)
Okay, then.
Press: ? - help, v - describe, . - travel
Here: Doesafug The floor.
Evoke which item? (* to show all) (? for menu, Esc to quit)
Okay, then.
Unknown command.
You blink.
You feel slightly more hungry.
You feel sick.
The electric golem hurls lightning at you.
The bolt of lightning hits the sun demon.
The sun demon resists.
The bolt of lightning hits you!
* * * LOW HITPOINT WARNING * * *
Drink which item? (? for menu, Esc to quit)
Okay, then.
Read which item? (? for menu, Esc to quit)
Okay, then.
Unknown command.
Read which item? (? for menu, Esc to quit)
Okay, then.
Unknown command.
Press: ? - help, v - describe, . - travel, g - get item
Here: a sun demon (moderately wounded)
A glaive.
The floor, spattered with blood.
Unknown command.
Read which item? (? for menu, Esc to quit)
As you read the scroll of summoning, it crumbles to dust.
Wisps of shadow whirl around you...
You feel sick.
The electric golem hurls lightning at you.
The bolt of lightning hits you!
You die...

##.###....##
##..##...X##
##.)......##
##†(8.....## #
##..5)....## ##
##..&4....## .##
##.3y)....## ..#
##........## ..##
##.@.D......## ...#
##....y.......##
...#
##..............##
...#
##.<.......###....#
...#
##.........###....##
...#
##...).....###....##
..##
##.........###....##
..#
##.........###....##
.##
##.........###....##


You could see Doesafug, an electric golem, an Orb Guardian, a sun demon, an
orange demon, a shadow imp, a friendly ice dragon and 2 friendly moths of wrath.

Vanquished Creatures
  4 orbs of fire (Zot:5)
  Mennas (Crypt:3)
  Mara (Spider:4)
  The ghost of Kramin the Sensei, a master DsVM of Makhleb (Crypt:3)
  16 ancient liches
  A juggernaut (Depths:5)
  Boris (Vaults:3)
  The ghost of Twogk the Formicid Blade, a veteran FoFi of Okawaru (Vaults:5)
  Frederick (Vaults:3)
  A curse toe (Zot:5)
  Saint Roka (Vaults:3)
  Norris (Vaults:1)
  Geryon (Hell)
  2 caustic shrikes
  5 Killer Klowns
  A profane servitor (Zot:3)
  11 golden dragons
  2 iron giants
  A Tzitzimitl (Zot:5)
  5 electric golems
  9 liches
  Jorgrun (Swamp:4)
  Arachne (Spider:4)
  15 tentacled monstrosities
  24 Orb Guardians
  Rupert (Lair:4)
  5 acid blobs (Zot:3)
  4 deep elf blademasters (Elf:3)
  5 titans
  Murray (Hell)
  3 quicksilver dragons
  4 deep elf master archers (Elf:3)
  7 death cobs
  10 sphinxes
  6 ancient champions
  11 storm dragons
  10 shadow dragons
  7 draconian monks
  A thorn hunter (Swamp:3)
  Kirke (D:13)
  8 tengu reavers
  3 revenants
  The ghost of Guenter the Unseen, an adept KoMo of Dithmenos (Spider:3)
  4 draconian scorchers
  Donald (Swamp:4)
  11 fire giants
  7 draconian knights
  15 vault wardens
  2 orc warlords
  5 draconian zealots
  3 balrugs
  2 cacodemons (Hell)
  3 deep elf elementalists
  10 deep elf sorcerers
  2 emperor scorpions (Spider:4)
  3 iron dragons
  14 frost giants
  Maud (Lair:5)
  9 ghost moths
  Aizul (Vaults:1)
  Louise (Swamp:4)
  10 reapers
  14 ironheart preservers
  2 curse skulls (Crypt:3)
  4 draconian annihilators
  8 ghouls
  7 draconian shifters
  2 war gargoyles
  24 stone giants
  3 spriggan defenders
  6 draconian callers
  33 very ugly things
  8 green draconians
  A dire elephant (shapeshifter) (Vaults:5)
  12 vampire knights
  7 white draconians
  5 black draconians
  22 yellow draconians
  5 deep elf demonologists
  6 red draconians
  2 lorocyprocas (Hell)
  8 mottled draconians
  3 salamander stormcallers
  7 deep elf annihilators
  7 purple draconians
  8 spark wasps
  9 deep elf death magi
  16 eidola
  A green death (Zot:3)
  A mummy priest (Crypt:3)
  16 ettins
  7 deep elf high priests
  A merfolk javelineer (Depths:4)
  31 vault guards
  9 great orbs of eyes
  10 entropy weavers
  17 ice dragons
  20 yaktaur captains
  25 fire dragons
  A catoblepas (Lair:6)
  A kraken zombie (Hell)
  2 hell beasts
  16 hydras
  2 quicksilver dragon skeletons (Crypt:3)
  12 centaur warriors
  Erica (D:11)
  15 ogre magi
  A juggernaut simulacrum (Depths:2)
  A ghost crab (Swamp:2)
  9 rakshasas
  3 death knights
  7 spriggan air magi
  28 dancing weapons
  A satyr (shapeshifter) (Depths:3)
  11 alligators
  11 deep troll shamans
  12 deep troll earth magi
  10 vampire magi
  2 orc high priests
  8 tengu warriors
  Nergalle (Lair:4)
  19 hell knights
  Urug (Orc:2)
  A titan zombie (Crypt:3)
  8 soul eaters
  A fire crab (shapeshifter) (D:15)
  7 spriggan berserkers
  An iron golem (Hell)
  A fire crab (Swamp:4)
  2 storm dragon zombies
  5 sun demons
  Sonja (D:14)
  56 skeletal warriors
  24 deep elf knights
  2 iron trolls (Depths:3)
  2 anaconda zombies
  4 unseen horrors
  2 storm dragon skeletons (Crypt:3)
  A swamp dragon (shapeshifter) (Depths:2)
  3 deep trolls (shapeshifter)
  2 shadow wraiths
  2 ghost moth zombies (Crypt:3)
  43 deep trolls
  6 flayed ghosts
  A spriggan druid (Swamp:4)
  An obsidian statue (Zot:4)
  7 giant orange brains
  Pikel (D:7)
  4 wizards
  A hill giant (shapeshifter) (Elf:3)
  An anaconda skeleton (Crypt:3)
  A shambling mangrove (Swamp:3)
  8 hill giants
  A giant orange brain (shapeshifter) (Vaults:5)
  3 lindwurms
  A lindwurm (shapeshifter) (Vaults:5)
  15 deep elf archers
  11 swamp dragons
  12 orc knights
  18 orb spiders
  20 ironbrand convokers
  An orange crystal statue (Zot:4)
  17 phantasmal warriors
  29 necromancers
  A golden dragon skeleton (Tomb:1)
  2 harpies (shapeshifter)
  A wolf spider zombie (D:15)
  77 ugly things
  An iron dragon zombie (Crypt:3)
  8 oklob plants
  A shadow dragon skeleton (Crypt:3)
  4 hornets
  5 fire giant zombies
  4 orc sorcerers
  3 frost giant zombies
  A shining eye (shapeshifter) (Depths:2)
  22 wolf spiders
  69 deep elf magi
  3 stone giant zombies
  A fire giant skeleton (Depths:2)
  5 griffons
  A sixfirhy (Depths:1)
  2 stone giant skeletons
  A manticore (D:11)
  22 moths of wrath
  2 salamanders (shapeshifter)
  7 black mambas
  A frost giant skeleton (Crypt:3)
  5 cyclopes
  A guardian serpent (shapeshifter) (Vaults:1)
  An iron dragon skeleton (Crypt:1)
  4 rust devils (Hell)
  5 centaur zombies
  9 elephants
  14 vault sentinels
  A molten gargoyle (Hell)
  A shock serpent zombie (Crypt:2)
  3 smoke demons
  4 gargoyles
  10 torpor snails
  An eye of devastation (shapeshifter) (Vaults:5)
  2 black mambas (shapeshifter) (D:15)
  The ghost of Dega the Skirmisher, a novice DsFi (D:5)
  2 orange demons
  2 dire elephant skeletons (Crypt:3)
  68 yaktaurs
  21 spiny frogs
  14 komodo dragons
  4 kobold demonologists
  A rime drake (Lair:2)
  A green draconian zombie (Crypt:1)
  2 rime drakes (shapeshifter)
  15 hellwings
  5 small abominations
  8 ice devils
  15 freezing wraiths
  A troll (shapeshifter) (Depths:4)
  3 burning bushes (Zot:4)
  21 demonic crawlers
  A guardian mummy (Tomb:1)
  5 red devils
  An emperor scorpion zombie (Crypt:3)
  A green draconian skeleton (Crypt:1)
  13 trolls
  2 tengu conjurers
  A moth of wrath zombie (Crypt:1)
  A human skeleton (Vaults:4)
  A queen bee (D:12)
  A hydra zombie (Hell)
  4 hydra skeletons
  A queen bee (shapeshifter) (Vaults:1)
  A merfolk (Depths:2)
  10 giant leeches
  A giant leech (shapeshifter) (Depths:4)
  34 jumping spiders
  2 polar bears
  2 alligator zombies (Hell)
  16 two-headed ogres
  7 boulder beetles
  Grinder (D:4)
  6 bog bodies
  A raiju (shapeshifter) (Depths:1)
  32 blink frogs
  22 slime creatures
  2 ettin zombies (Vaults:4)
  A shadow (D:15)
  85 redbacks
  7 spriggans
  16 flying skulls
  34 tarantellas
  A guardian serpent skeleton (Crypt:2)
  A fire dragon skeleton (Crypt:3)
  A redback (shapeshifter) (Vaults:2)
  5 vampires
  5 wyverns
  6 air elementals
  9 fire elementals
  6 water elementals
  A ynoxinul (Depths:1)
  2 hogs (D:13)
  3 yaks (shapeshifter)
  An ettin skeleton (Crypt:3)
  A tarantella (shapeshifter) (Orc:2)
  3 basilisks
  A fire bat (shapeshifter) (Depths:2)
  8 wraiths
  50 yaks
  10 large abominations
  Eustachio (D:4)
  2 hungry ghosts
  A golden eye (shapeshifter) (Vaults:3)
  26 vampire mosquitoes
  2 chaos spawn
  3 steam dragons
  2 human simulacra
  11 hippogriffs
  3 hippogriffs (shapeshifter)
  Menkaure (D:7)
  8 mottled dragons
  3 wargs
  23 swamp worms
  4 soldier ants
  A faun zombie (Crypt:1)
  10 insubstantial wisps
  9 water moccasins
  A deep troll skeleton (Vaults:4)
  A giant eyeball (Depths:5)
  2 spiny frog zombies (Hell)
  4 hell hounds
  10 swamp drakes
  12 porcupines
  An ice beast (shapeshifter) (D:15)
  3 snapping turtle zombies
  17 wasps
  6 ice beasts
  53 orc warriors
  2 sky beasts
  3 black bears
  An alligator simulacrum (Hell)
  An eye of draining (shapeshifter) (Depths:1)
  4 phantoms
  3 eyes of draining
  A spriggan simulacrum (Depths:2)
  3 necrophages
  5 wolves
  47 ogres
  21 boggarts
  28 centaurs
  2 snapping turtle skeletons (Crypt:3)
  A torpor snail zombie (Crypt:1)
  An elf skeleton (Vaults:4)
  17 crocodiles
  A crocodile (shapeshifter) (Depths:3)
  2 komodo dragon zombies (Crypt:1)
  5 big kobolds
  15 giant frogs
  3 earth elementals
  A wyvern zombie (D:14)
  6 wyvern skeletons
  6 scorpions
  8 wights
  31 killer bees
  3 electric eels
  2 howler monkeys
  9 crimson imps
  A giant frog zombie (D:10)
  An iron imp (Depths:3)
  6 hounds
  31 orc priests
  35 orc wizards
  2 human zombies
  27 jellies
  A giant frog skeleton (D:11)
  6 centaur skeletons
  2 demonspawn skeletons (Crypt:1)
  10 iguanas
  3 lightning spires (Zot:4)
  5 yak simulacra (Lair:5)
  8 worker ants
  2 polar bear simulacra (Lair:5)
  3 wolf simulacra (Lair:5)
  A deep dwarf zombie (Crypt:2)
  17 sheep
  A sky beast zombie (Crypt:1)
  A demigod zombie (Crypt:2)
  A tengu skeleton (Crypt:3)
  2 hound skeletons
  4 mummies
  Robin (D:4)
  A gnoll (D:1)
  17 adders
  48 river rats
  5 shadow imps
  4 white imps (Depths:3)
  An ufetubus (Depths:3)
  An ooze (D:5)
  An adder zombie (D:9)
  3 adder skeletons
  26 worms
  3 dart slugs
  A giant gecko (D:4)
  144 orcs
  9 giant cockroaches
  13 goblins
  6 hobgoblins
  16 jackals
  6 kobolds
  A quokka (D:9)
  2 ball pythons
  14 bats
  9 giant newts
  A giant newt zombie (Crypt:1)
  15 rats
  A river rat simulacrum (Lair:5)
  A river rat skeleton (Crypt:2)
  3 crawling corpses
  A fire vortex (Hell)
  9 plants (Lair:2)
  2 tentacles (Hell)
3071 creatures vanquished.

Vanquished Creatures (collateral kills)
  A titan (Vaults:5)
  A shadow dragon (Vaults:5)
  A war gargoyle (Vaults:5)
  2 stone giants (Vaults:5)
  A purple draconian (Zot:5)
  A black draconian (Zot:5)
  2 ice dragons (Zot:5)
  2 vault guards (Vaults:5)
  A vault sentinel (Vaults:5)
  A hellion (Zot:5)
13 creatures vanquished.

Vanquished Creatures (others)
  A fire giant (Depths:2)
  A balrug (Hell)
  A deep elf elementalist (Depths:4)
  A fire dragon (Depths:2)
  A dancing weapon (Elf:2)
  2 swamp dragons (Swamp:4)
  A lindwurm (Swamp:4)
  An ugly thing (Depths:1)
  An octopode (D:1)
  Prince Ribbit (D:7)
  A vine stalker (D:1)
  3 trolls (D:1)
  2 blink frogs (Swamp:4)
  2 spriggans (D:1)
  A vampire (D:1)
  A human (D:13)
  A steam dragon (Swamp:4)
  A swamp worm (Swamp:1)
  An insubstantial wisp (Swamp:4)
  A hell hound (Hell)
  2 slaves (D:7)
  2 swamp drakes (Swamp:4)
  A centaur (D:1)
  A crocodile (shapeshifter) (Depths:2)
  An iron imp (Hell)
  2 hounds (D:7)
  An iguana (D:7)
  A sheep (Lair:4)
  A mummy (D:1)
  A shadow imp (D:7)
  5 orcs
  A quokka (D:6)
  A briar patch (Swamp:3)
  41 fungi
  9 lost souls
  23 plants
  10 tentacles
  391 tentacle segments
  14 withered plants (Crypt:3)
533 creatures vanquished.

Grand Total: 3617 creatures vanquished

Notes
Turn   | Place    | Note
--------------------------------------------------------------
     0 | D:1      | edsrzf the Naga Berserker began the quest for the Orb.
     0 | D:1      | Reached XP level 1. HP: 21/21 MP: 1/1
     0 | D:1      | Noticed a troll
     0 | D:1      | Noticed a vampire
     0 | D:1      | Noticed a troll
     0 | D:1      | Noticed a spriggan
     0 | D:1      | Noticed a kraken
     0 | D:1      | Noticed a troll
     0 | D:1      | Noticed a vine stalker
     0 | D:1      | Noticed a centaur
     0 | D:1      | Noticed an octopode
     0 | D:1      | Noticed a spriggan
     2 | D:1      | Killed a troll
     3 | D:1      | Killed a vampire
     6 | D:1      | Killed a troll
     6 | D:1      | Killed a troll
     6 | D:1      | Killed an octopode
     7 | D:1      | Killed a centaur
     8 | D:1      | Killed a spriggan
     8 | D:1      | Killed a spriggan
     8 | D:1      | Killed a vine stalker
   115 | D:1      | Reached XP level 2. HP: 28/28 MP: 2/2
   374 | D:1      | Reached skill level 1 in Stealth
   609 | D:1      | Reached XP level 3. HP: 24/34 MP: 3/3
  1395 | D:2      | Reached skill level 4 in Long Blades
  1441 | D:2      | Reached XP level 4. HP: 39/43 MP: 4/4
  1736 | D:2      | Reached ** piety under Trog
  2014 | D:3      | Reached skill level 2 in Stealth
  2101 | D:3      | Reached XP level 5. HP: 32/50 MP: 5/5
  2631 | D:3      | Reached skill level 4 in Fighting
  2631 | D:3      | Reached skill level 5 in Long Blades
  2631 | D:3      | Reached skill level 3 in Stealth
  2634 | D:3      | Reached *** piety under Trog
  2638 | D:3      | Identified 4 scrolls of identify
  2638 | D:3      | Identified 3 scrolls of remove curse
  2639 | D:3      | Identified 2 potions of curing
  2640 | D:3      | Identified 2 potions of brilliance
  2641 | D:3      | Identified 2 potions of magic
  2674 | D:4      | Noticed Grinder
  2701 | D:4      | Killed Grinder
  2701 | D:4      | Reached skill level 4 in Stealth
  2701 | D:4      | Reached XP level 6. HP: 58/58 MP: 6/6
  2778 | D:4      | Noticed Eustachio
  2817 | D:4      | Killed Eustachio
  2817 | D:4      | Reached skill level 6 in Long Blades
  2817 | D:4      | Reached XP level 7. HP: 59/66 MP: 7/7
  2868 | D:4      | Noticed Robin
  2889 | D:4      | Killed Robin
  2889 | D:4      | Reached skill level 5 in Stealth
  3064 | D:4      | Found a staircase to the Ecumenical Temple.
  3258 | D:4      | Reached skill level 5 in Fighting
  3261 | D:4      | Identified a potion of agility
  3307 | D:5      | Entered Level 5 of the Dungeon
  3315 | D:5      | Reached skill level 2 in Armour
  3349 | D:5      | Noticed Dega's ghost (novice DsFi)
  3387 | D:5      | Killed Dega's ghost
  3387 | D:5      | Reached skill level 7 in Long Blades
  3387 | D:5      | Reached XP level 8. HP: 49/75 MP: 8/8
  3495 | D:5      | Found a snail-covered altar of Cheibriados.
  3536 | D:5      | Reached skill level 3 in Armour
  3662 | D:5      | Reached skill level 8 in Long Blades
  4219 | D:5      | Found a deep blue altar of Sif Muna.
  4224 | D:5      | Found a shimmering altar of Xom.
  4227 | D:5      | Found a glowing golden altar of the Shining One.
  4228 | D:5      | Found a blossoming altar of Fedhas.
  4391 | D:6      | Reached skill level 6 in Fighting
  4431 | D:6      | Found a white marble altar of Elyvilon.
  4481 | D:6      | Reached XP level 9. HP: 82/82 MP: 9/9
  4842 | D:6      | Found a snail-covered altar of Cheibriados.
  4915 | D:7      | Noticed Menkaure
  4921 | D:7      | Killed Menkaure
  4921 | D:7      | Reached skill level 9 in Long Blades
  5014 | D:7      | Found a burning altar of Makhleb.
  5153 | D:7      | Reached **** piety under Trog
  5163 | D:7      | Reached skill level 4 in Armour
  5246 | D:7      | Got a translucent cloak
  5252 | D:7      | Identified the +1 cloak of the Many Gods {*Confuse +Blink +Fly rC+ Int+3} (You found it on level 7 of the Dungeon)
  5252 | D:7      | Identified 3 potions of degeneration
  5276 | D:7      | Noticed Prince Ribbit
  5281 | D:7      | Noticed Pikel
  5309 | D:7      | Killed Pikel
  5309 | D:7      | Reached skill level 10 in Long Blades
  5340 | D:7      | Reached skill level 7 in Fighting
  5468 | D:7      | Identified 3 potions of might
  5611 | D:7      | Killed Prince Ribbit
  5615 | D:7      | Found a radiant altar of Vehumet.
  6364 | D:8      | Reached XP level 10. HP: 87/94 MP: 10/10
  6385 | D:8      | Reached skill level 5 in Armour
  6577 | D:8      | Found an iron altar of Okawaru.
  6822 | D:8      | Reached ***** piety under Trog
  6829 | D:8      | Found a staircase to the Lair.
  6841 | D:8      | Reached skill level 11 in Long Blades
  7313 | D:9      | Identified 2 potions of flight
  7314 | D:9      | Identified 2 potions of mutation
  7315 | D:9      | Identified a potion of invisibility
  7397 | D:9      | Reached skill level 8 in Fighting
  7648 | D:9      | Identified a potion of resistance
  7877 | D:9      | Found a bloodstained altar of Trog.
  8198 | D:9      | Reached skill level 6 in Armour
  8221 | D:9      | Reached skill level 12 in Long Blades
  8233 | D:9      | Reached XP level 11. HP: 87/104 MP: 11/11
  8350 | D:10     | Entered Level 10 of the Dungeon
  8567 | D:10     | Reached skill level 9 in Fighting
  9010 | D:11     | Noticed Erica
  9037 | D:11     | Killed Erica
  9199 | D:11     | Noticed a cyclops
  9229 | D:11     | Killed a cyclops
  9229 | D:11     | Reached skill level 7 in Armour
  9338 | D:11     | Noticed a green ugly thing
  9347 | D:11     | Killed a green ugly thing
  9347 | D:11     | Reached skill level 13 in Long Blades
  9356 | D:11     | Reached skill level 1 in Evocations
  9491 | D:11     | Identified a potion of lignification
  9492 | D:11     | Identified 3 potions of cancellation
  9493 | D:11     | Identified a potion of beneficial mutation
  9494 | D:11     | Gained mutation: You are somewhat resistant to further mutation. [potion of beneficial mutation]
  9516 | D:11     | Found a staircase to the Orcish Mines.
  9702 | D:11     | Reached ****** piety under Trog
  9788 | D:11     | Noticed a manticore
  9792 | D:11     | Got a warped long sword
  9802 | D:11     | Killed a manticore
  9809 | D:11     | Identified the +11 long sword of Afieduq {venom, rElec rPois rN++ Dex-4} (You found it on level 11 of the Dungeon)
  9861 | D:11     | Received a gift from Trog
  9877 | D:11     | Identified a scroll of summoning
  9878 | D:11     | Identified a scroll of random uselessness
  9945 | D:11     | Reached skill level 2 in Evocations
 10076 | D:11     | Noticed a hill giant
 10080 | D:11     | Killed a hill giant
 10268 | Lair:1   | Entered Level 1 of the Lair of Beasts
 10280 | Lair:1   | Reached skill level 10 in Fighting
 10280 | Lair:1   | Reached XP level 12. HP: 116/116 MP: 13/13
 10310 | Lair:1   | Identified a scroll of magic mapping
 10380 | Lair:1   | Found a dark tunnel.
 10395 | Volcano  | Entered a volcano
 10414 | Volcano  | Found a radiant altar of Vehumet.
 10415 | Volcano  | Noticed a deep elf knight
 10431 | Volcano  | Killed a deep elf knight
 10431 | Volcano  | Reached skill level 3 in Evocations
 10592 | Lair:1   | Reached skill level 14 in Long Blades
 10592 | Lair:1   | Reached skill level 4 in Evocations
 11396 | Lair:2   | Noticed a six-headed hydra
 11414 | Lair:2   | Killed a two-headed hydra
 11485 | Lair:2   | Reached skill level 5 in Evocations
 11671 | Lair:2   | Received a gift from Trog
 11873 | Lair:2   | Reached skill level 11 in Fighting
 11897 | Lair:2   | Identified a scroll of holy word
 11898 | Lair:2   | Identified a scroll of fear
 11927 | Lair:2   | Noticed a seven-headed hydra
 11942 | Lair:2   | Killed a four-headed hydra
 12033 | Lair:2   | Received a gift from Trog
 12035 | Lair:2   | Identified a scroll of immolation
 12036 | Lair:2   | Identified a scroll of amnesia
 12037 | Lair:2   | Identified a scroll of vulnerability
 12065 | Lair:2   | Gained mutation: You can use your snake-like lower body to constrict enemies. [Naga growth]
 12065 | Lair:2   | Reached XP level 13. HP: 127/127 MP: 17/17
 12081 | Lair:2   | Reached skill level 15 in Long Blades
 12128 | Lair:2   | Identified 3 potions of berserk rage
 12917 | Lair:3   | Reached skill level 6 in Evocations
 13805 | Lair:4   | Noticed Rupert
 13973 | Lair:4   | Killed Rupert
 13973 | Lair:4   | Reached skill level 7 in Evocations
 14067 | Lair:4   | Noticed Nergalle
 14114 | Lair:4   | Received a gift from Trog
 14121 | Lair:4   | Killed Nergalle
 14136 | Lair:4   | Identified a scroll of torment
 14139 | Lair:4   | Identified a scroll of brand weapon
 14640 | Lair:4   | Reached skill level 16 in Long Blades
 14849 | Lair:5   | Found a hole to the Spider Nest.
 14900 | Lair:5   | Reached skill level 12 in Fighting
 15345 | Lair:5   | Found a staircase to the Swamp.
 15348 | Lair:5   | Noticed Maud
 15362 | Lair:5   | Killed Maud
 15362 | Lair:5   | Reached XP level 14. HP: 138/138 MP: 19/19
 15556 | Lair:6   | Reached skill level 8 in Evocations
 15630 | Lair:6   | Identified a scroll of blinking
 15702 | Lair:6   | Identified Luagyimm's Disquisition on Bewitchment and Orientation (You found it on level 6 of the Lair of Beasts)
 15741 | Lair:6   | Identified 5 scrolls of enchant armour
 15743 | Lair:6   | Identified 5 scrolls of recharging
 15744 | Lair:6   | Identified 2 scrolls of fog
 15745 | Lair:6   | Identified 4 scrolls of teleportation
 15746 | Lair:6   | Identified 3 scrolls of noise
 15872 | Lair:6   | Identified 3 scrolls of enchant weapon
 16061 | Lair:6   | Found a staircase to the Slime Pits.
 16469 | Lair:7   | Received a gift from Trog
 16894 | Lair:7   | Received a gift from Trog
 17159 | Lair:8   | Entered Level 8 of the Lair of Beasts
 17194 | Lair:8   | Reached skill level 17 in Long Blades
 17299 | Lair:8   | Reached skill level 9 in Evocations
 17902 | Lair:8   | Found a runed door.
 18009 | Lair:8   | Received a gift from Trog
 18155 | Lair:8   | Identified 4 potions of heal wounds
 18351 | Lair:8   | Reached skill level 13 in Fighting
 18544 | Lair:4   | Identified a potion of cure mutation
 18544 | Lair:4   | Lost mutation: You are somewhat resistant to further mutation. [potion of cure mutation]
 18827 | Orc:1    | Entered Level 1 of the Orcish Mines
 18860 | Orc:1    | Found a roughly hewn altar of Beogh.
 18917 | Orc:1    | Found Tiraluu's Armour Emporium.
 19028 | Orc:2    | Entered Level 2 of the Orcish Mines
 19142 | Orc:2    | Noticed an orc warlord
 19271 | Orc:2    | Reached XP level 15. HP: 134/147 MP: 22/22
 19325 | Orc:2    | Found a staircase to the Elven Halls.
 19696 | Orc:1    | Received a gift from Trog
 19728 | Orc:2    | Noticed Urug
 19895 | Orc:2    | Killed Urug
 20090 | Orc:2    | Killed an orc warlord
 20090 | Orc:2    | Reached skill level 18 in Long Blades
 20188 | Orc:2    | Found a roughly hewn altar of Beogh.
 20216 | Orc:2    | Reached skill level 10 in Evocations
 20328 | Orc:2    | Found Paej's Jewellery Shoppe.
 20344 | Orc:2    | Found Lisydeni's Antique Armour Shoppe.
 20392 | Orc:2    | Found Nufey's Antique Weapon Shoppe.
 20453 | Orc:2    | Found Kogaal's General Store.
 20459 | Orc:2    | Bought a scroll of identify for 32 gold pieces
 20459 | Orc:2    | Identified 2 potions of ambrosia
 20476 | Orc:2    | Bought a crude plate armour for 728 gold pieces
 20486 | Orc:2    | Identified the cursed +0 plate armour "Vegiot" {Int+7 Dex+4} (You bought it in a shop on level 2 of the Orcish Mines)
 20500 | Orc:2    | Bought a glowing helmet for 117 gold pieces
 20936 | D:12     | Received a gift from Trog
 21130 | D:12     | Got a crude scale mail
 21141 | D:12     | Identified the +5 scale mail of Charity {rPois} (You found it on level 12 of the Dungeon)
 21459 | D:12     | Found Mudo Ekh's Gadget Boutique.
 21768 | D:13     | Noticed Kirke
 21772 | D:13     | Reached skill level 2 in Dodging
 21779 | D:13     | Killed Kirke
 22147 | D:13     | Found Zuykinue's Distillery.
 22311 | D:13     | Identified the Handbook of the Entrancing Compass
 22500 | D:14     | Reached skill level 3 in Dodging
 22717 | D:14     | Found a roughly hewn altar of Beogh.
 22755 | D:14     | Received a gift from Trog
 22920 | D:14     | Found a gate to the Vaults.
 22980 | D:14     | Identified 3 potions of haste
 23122 | D:14     | Noticed Sonja
 23157 | D:14     | Reached skill level 19 in Long Blades
 23180 | D:14     | Killed Sonja
 23180 | D:14     | Reached XP level 16. HP: 155/158 MP: 23/23
 23222 | D:14     | Reached skill level 4 in Dodging
 23489 | D:15     | Entered Level 15 of the Dungeon
 23507 | D:15     | Reached skill level 14 in Fighting
 23552 | D:15     | Found a shattered altar of Ashenzari.
 23875 | D:15     | Found a basalt altar of Yredelemnul.
 24256 | D:15     | Received a gift from Trog
 24356 | D:15     | Found a staircase to the Depths.
 24911 | Swamp:1  | Entered Level 1 of the Swamp
 25026 | Swamp:1  | Reached skill level 5 in Dodging
 26835 | Swamp:3  | Reached skill level 20 in Long Blades
 26978 | Swamp:3  | Received a gift from Trog
 27124 | Swamp:3  | Noticed a thorn hunter
 27141 | Swamp:3  | Killed a thorn hunter
 27613 | Swamp:4  | Entered Level 4 of the Swamp
 27639 | Swamp:4  | Reached XP level 17. HP: 167/168 MP: 24/24
 27654 | Swamp:4  | Reached skill level 8 in Armour
 27760 | Swamp:4  | Reached skill level 15 in Fighting
 28127 | Swamp:4  | Got a decaying rune of Zot
 28218 | Swamp:4  | Noticed Roxanne
 28262 | Swamp:4  | Noticed Donald
 28282 | Swamp:4  | Killed Donald
 28324 | Swamp:4  | Noticed Louise
 28341 | Swamp:4  | Killed Louise
 28585 | Swamp:4  | Noticed Jorgrun
 28597 | Swamp:4  | Killed Jorgrun
 28940 | Spider:1 | Entered Level 1 of the Spider Nest
 29339 | Elf:1    | Entered Level 1 of the Elven Halls
 29355 | Elf:1    | Received a gift from Trog
 30121 | Elf:1    | Reached skill level 9 in Armour
 30161 | Elf:1    | Reached skill level 21 in Long Blades
 30450 | Elf:1    | Received a gift from Trog
 30461 | Elf:1    | Got an ancient triple sword {god gift}
 30462 | Elf:1    | Identified the +11 triple sword of the Ship {slice, +Rage Dex+4} (Trog gifted it to you on level 1 of the Elven Halls)
 30776 | Elf:2    | Reached XP level 18. HP: 156/181 MP: 25/25
 30912 | Elf:3    | Entered Level 3 of the Elven Halls
 31339 | Elf:2    | Found Guwk's Antique Weapon Emporium.
 31550 | Elf:2    | Reached skill level 16 in Fighting
 31657 | Elf:2    | Found a runed gate.
 31657 | Elf:2    | Found a runed gate.
 31657 | Elf:2    | Found a runed gate.
 31714 | Elf:2    | Received a gift from Trog
 32027 | Elf:2    | Reached skill level 10 in Armour
 32428 | Elf:2    | Received a gift from Trog
 32739 | Elf:2    | Reached skill level 22 in Long Blades
 32850 | Elf:3    | Found Ujeck's Gadget Emporium.
 33941 | Spider:1 | Reached skill level 1 in Throwing
 34660 | Spider:2 | Received a gift from Trog
 34713 | Spider:2 | Reached skill level 2 in Throwing
 34717 | Spider:2 | Reached XP level 19. HP: 173/190 MP: 26/26
 35388 | Spider:3 | Reached skill level 3 in Throwing
 35888 | Spider:3 | Noticed Guenter's ghost (adept KoMo)
 35902 | Spider:3 | Killed Guenter's ghost
 35912 | Spider:3 | Received a gift from Trog
 36369 | Spider:3 | Reached skill level 4 in Throwing
 36654 | Spider:4 | Entered Level 4 of the Spider Nest
 37180 | Spider:4 | Received a gift from Trog
 37450 | Spider:4 | Reached skill level 17 in Fighting
 37527 | Spider:4 | Noticed Arachne
 37542 | Spider:4 | Killed Arachne
 37557 | Spider:4 | Noticed Mara
 37577 | Spider:4 | Noticed edsrzf's illusion
 37580 | Spider:4 | Killed Mara
 37580 | Spider:4 | Reached skill level 5 in Throwing
 37675 | Spider:4 | Reached skill level 23 in Long Blades
 37834 | Spider:4 | Received a gift from Trog
 38003 | Spider:4 | Got a gossamer rune of Zot
 38402 | Vaults:1 | Entered Level 1 of the Vaults
 38436 | Vaults:1 | Reached XP level 20. HP: 190/201 MP: 27/27
 38447 | Vaults:1 | Noticed Norris
 38466 | Vaults:1 | Killed Norris
 38594 | Vaults:1 | Reached skill level 6 in Throwing
 38597 | Vaults:1 | Received a gift from Trog
 38709 | Vaults:1 | Received a gift from Trog
 38726 | Vaults:1 | Noticed Aizul
 38735 | Vaults:1 | Killed Aizul
 38834 | Vaults:1 | Gained mutation: You are partially covered in slimy green scales (AC +2). [helix card]
 38837 | Vaults:1 | Drew Focus: Str increased to 25, Int decreased to 7
 38839 | Vaults:1 | Drew Focus: Str increased to 26, Int decreased to 6
 39138 | Vaults:1 | Received a gift from Trog
 39926 | Vaults:1 | Reached skill level 7 in Throwing
 39974 | Vaults:2 | Found Colupaw's Antique Armour Shop.
 40149 | Vaults:2 | Bought a pair of twisted gloves for 332 gold pieces
 40153 | Vaults:2 | Identified the +0 pair of gloves of Proximity {rC- rN+ MR+} (You bought it in a shop on level 2 of the Vaults)
 40223 | Vaults:2 | Received a gift from Trog
 40586 | Vaults:2 | Reached skill level 18 in Fighting
 40694 | Vaults:2 | Reached skill level 24 in Long Blades
 40713 | Vaults:2 | Reached skill level 8 in Throwing
 40835 | Vaults:2 | Received a gift from Trog
 40840 | Vaults:2 | Reached XP level 21. HP: 212/212 MP: 28/28
 41734 | Vaults:3 | Reached skill level 9 in Throwing
 41986 | Vaults:3 | Noticed Frederick
 41990 | Vaults:3 | Killed Frederick
 42094 | Vaults:3 | Reached skill level 10 in Throwing
 42120 | Vaults:3 | Found a staircase to the Crypt.
 42153 | Vaults:3 | Received a gift from Trog
 42165 | Vaults:3 | Reached skill level 11 in Armour
 42188 | Vaults:3 | Received a gift from Trog
 42296 | Vaults:3 | Noticed Saint Roka
 42325 | Vaults:3 | Killed Saint Roka
 42452 | Vaults:3 | Gained mutation: You are covered in fur (AC +1). [potion of beneficial mutation]
 42463 | Vaults:3 | Received a gift from Trog
 42489 | Vaults:3 | Received a gift from Trog
 42504 | Vaults:3 | Gained mutation: Your skin changes colour to match your surroundings (Stealth). [potion of beneficial mutation]
 42726 | Vaults:3 | Noticed Boris
 42741 | Vaults:3 | Killed Boris
 42745 | Vaults:3 | Reached skill level 11 in Throwing
 43023 | Crypt:1  | Entered Level 1 of the Crypt
 43516 | Crypt:1  | Reached XP level 22. HP: 181/223 MP: 29/29
 44362 | Crypt:2  | Reached skill level 12 in Throwing
 44489 | Crypt:2  | Reached skill level 19 in Fighting
 44591 | Crypt:2  | Found a basalt altar of Yredelemnul.
 44807 | Crypt:2  | Reached skill level 12 in Armour
 45539 | Crypt:3  | Entered Level 3 of the Crypt
 45557 | Crypt:3  | Reached skill level 13 in Throwing
 45589 | Crypt:3  | Noticed Mennas
 45602 | Crypt:3  | Killed Mennas
 45681 | Crypt:3  | Received a gift from Trog
 46254 | Crypt:3  | Identified the Almanac of Stolen Souls (You found it on level 3 of the Crypt)
 46470 | Crypt:3  | Received a gift from Trog
 46610 | Crypt:3  | Reached XP level 23. HP: 64/232 MP: 30/30
 46793 | Crypt:3  | Noticed Kramin's ghost (master DsVM)
 46884 | Crypt:3  | Got a scorched ivory amulet
 46885 | Crypt:3  | Identified the amulet "Ikhiddyu" {rN+ Regen+ Str+3 Dex+2} (You took it off a necromancer on level 3 of the Crypt)
 46931 | Crypt:3  | Got a clouded amethyst amulet
 46932 | Crypt:3  | Identified the amulet "Zoerch" {rPois Regen+ MP+9 Dex+4} (You took it off a necromancer on level 3 of the Crypt)
 46973 | Crypt:3  | Found an ancient bone altar of Kikubaaqudgha.
 47001 | Crypt:3  | Reached skill level 14 in Throwing
 47247 | Crypt:3  | Noticed an ancient lich
 47260 | Crypt:3  | Killed an ancient lich
 47285 | Crypt:3  | Got a crude lapis lazuli ring
 47286 | Crypt:3  | Identified the ring of Monotheism {rN+ Int+4} (You found it on level 3 of the Crypt)
 47498 | Crypt:3  | Killed Kramin's ghost
 47654 | Crypt:3  | Found a staircase to the Tomb.
 47669 | Tomb:1   | Entered Level 1 of the Tomb of the Ancients
 47863 | Crypt:3  | Reached skill level 13 in Armour
 47875 | Crypt:3  | Received a gift from Trog
 48451 | Vaults:4 | Reached skill level 15 in Throwing
 48461 | Vaults:4 | Identified a scroll of acquirement
 48463 | Vaults:4 | Got an amethyst-encrusted plate armour
 48464 | Vaults:4 | Identified the +0 plate armour of the Moon {SInv} (You acquired it on level 4 of the Vaults)
 48593 | Vaults:4 | Reached skill level 20 in Fighting
 49868 | Elf:3    | Received a gift from Trog
 50697 | Elf:3    | Reached XP level 24. HP: 129/244 MP: 30/30
 51012 | Elf:3    | Identified the Tome of Assistive Dark Rituals
 51017 | Elf:3    | Identified a -1 lightning rod (12/12) (You found it on level 3 of the Elven Halls)
 51053 | Elf:3    | Got a transparent quicksilver dragon armour
 51054 | Elf:3    | Identified the quicksilver dragon armour of Anarchy {MR+ Int+4} (You found it on level 3 of the Elven Halls)
 51081 | Elf:3    | Received a gift from Trog
 51094 | Elf:3    | Identified a +9 rod of inaccuracy (9/12) (You took it off a deep elf high priest on level 3 of the Elven Halls)
 51873 | Depths:1 | Entered Level 1 of the Depths
 51884 | Depths:1 | Reached skill level 16 in Throwing
 52226 | Depths:1 | Received a gift from Trog
 52410 | Depths:1 | Found a gateway to Hell.
 52527 | Depths:1 | Noticed a caustic shrike
 52536 | Depths:1 | Killed a caustic shrike
 52536 | Depths:1 | Reached skill level 14 in Armour
 52686 | Depths:1 | Reached skill level 6 in Dodging
 52816 | Depths:1 | Received a gift from Trog
 52825 | Depths:1 | Found a one-way gate leading to the halls of Pandemonium.
 53215 | Depths:2 | Received a gift from Trog
 53220 | Depths:2 | Reached skill level 7 in Dodging
 53473 | Depths:2 | Drew Focus: Str increased to 29, Int decreased to 6
 53484 | Depths:2 | XOM: god gift: leather armour {god gift}
 53590 | Depths:2 | Received a gift from Trog
 53637 | Depths:2 | Reached skill level 8 in Dodging
 53846 | Depths:2 | Identified a +0 rod of clouds (11/11) (You found it on level 2 of the Depths)
 53891 | Depths:2 | Reached XP level 25. HP: 232/255 MP: 30/30
 54071 | Depths:2 | Received a gift from Trog
 54148 | Depths:2 | Reached skill level 21 in Fighting
 54299 | Depths:2 | Reached skill level 9 in Dodging
 54873 | Depths:2 | Reached skill level 10 in Dodging
 55132 | Depths:3 | Received a gift from Trog
 55167 | Depths:3 | Reached skill level 15 in Armour
 55171 | Depths:3 | Received a gift from Trog
 55628 | Depths:3 | Reached skill level 11 in Dodging
 55735 | Depths:3 | Received a gift from Trog
 55905 | Depths:3 | Reached XP level 26. HP: 156/267 MP: 30/30
 56445 | Depths:3 | Noticed an ancient lich
 56452 | Depths:3 | Killed an ancient lich
 56452 | Depths:3 | Reached skill level 12 in Dodging
 56613 | Depths:4 | Found a runed door.
 56625 | Depths:4 | Received a gift from Trog
 56998 | Depths:4 | Reached skill level 22 in Fighting
 57201 | Depths:4 | Reached skill level 13 in Dodging
 57298 | Depths:4 | Received a gift from Trog
 57712 | Depths:4 | Found a one-way gate to the infinite horrors of the Abyss.
 57853 | Depths:5 | Entered Level 5 of the Depths
 57881 | Depths:5 | Received a gift from Trog
 57889 | Depths:5 | Noticed a juggernaut
 57897 | Depths:5 | Killed a juggernaut
 57897 | Depths:5 | Reached skill level 16 in Armour
 58000 | Depths:5 | Received a gift from Trog
 58322 | Depths:5 | Reached XP level 27. HP: 277/277 MP: 30/30
 58445 | Depths:5 | Reached skill level 14 in Dodging
 58655 | Depths:5 | Found a gateway to a ziggurat.
 58877 | Depths:5 | Received a gift from Trog
 59125 | Depths:5 | Found a gate to the Realm of Zot.
 59137 | Depths:5 | Received a gift from Trog
 59587 | Vaults:5 | Entered Level 5 of the Vaults
 59664 | Vaults:5 | Noticed an ancient lich
 59669 | Vaults:5 | Noticed an ancient lich
 59676 | Vaults:5 | Killed an ancient lich
 59681 | Vaults:5 | Killed an ancient lich
 59681 | Vaults:5 | Reached skill level 15 in Dodging
 59733 | Vaults:5 | Received a gift from Trog
 59785 | Vaults:5 | Received a gift from Trog
 60090 | Vaults:5 | Reached skill level 23 in Fighting
 60116 | Vaults:5 | Identified a +2 rod of clouds (6/9) (You took it off a tengu reaver on level 5 of the Vaults)
 60201 | Vaults:5 | Got an ancient bronze ring
 60202 | Vaults:5 | Identified the ring "Giniuggi" {MP+9 Int-2 Dex+5 Stlth+} (You took it off a yaktaur captain on level 5 of the Vaults)
 60457 | Vaults:5 | Got a silver rune of Zot
 60474 | Vaults:5 | Noticed Twogk's ghost (veteran FoFi)
 60491 | Vaults:5 | Killed Twogk's ghost
 60504 | Vaults:5 | Noticed an ancient lich
 60511 | Vaults:5 | Reached skill level 17 in Armour
 60516 | Vaults:5 | Killed an ancient lich
 60540 | Vaults:5 | Received a gift from Trog
 60630 | Vaults:5 | Reached skill level 16 in Dodging
 60893 | Vaults:5 | Received a gift from Trog
 60921 | Vaults:5 | Reached skill level 11 in Evocations
 61490 | Vaults:5 | Identified the Incunabulum of Aid (You found it on level 5 of the Vaults)
 61944 | Vaults:5 | Got a coiled jade ring
 61945 | Vaults:5 | Identified the ring of Miracles {rN+ AC+5 Str-5 Int+2} (You took it off a vault warden on level 5 of the Vaults)
 62580 | Depths:1 | Received a gift from Trog
 62604 | Hell     | Entered the Vestibule of Hell
 62604 | Hell     | Noticed Geryon
 62746 | Hell     | Killed Geryon
 62768 | Hell     | Gained mutation: You occasionally shout uncontrollably at your foes. [a cacodemon]
 62938 | Hell     | Noticed Murray
 62981 | Depths:1 | Received a gift from Trog
 63144 | Hell     | Reached skill level 12 in Evocations
 63219 | Hell     | Killed Murray
 63243 | Hell     | Gained mutation: You sometimes yell uncontrollably at your foes. [a cacodemon]
 63246 | Hell     | Received a gift from Trog
 63489 | Hell     | Found a gateway to the ashen valley of Gehenna.
 63590 | Hell     | Found a gateway to the Iron City of Dis.
 63697 | Hell     | Found a gateway to the freezing wastes of Cocytus.
 63748 | Hell     | Found a gateway to the decaying netherworld of Tartarus.
 63953 | Zot:1    | Entered Level 1 of the Realm of Zot
 65022 | Zot:2    | Reached skill level 18 in Armour
 65318 | Zot:3    | Reached skill level 13 in Evocations
 65322 | Zot:3    | Received a gift from Trog
 65328 | Zot:3    | Reached skill level 24 in Fighting
 65364 | Zot:3    | Reached skill level 17 in Dodging
 65603 | Zot:3    | Received a gift from Trog
 66075 | Zot:3    | Received a gift from Trog
 66676 | Zot:4    | Reached skill level 14 in Evocations
 67347 | Zot:4    | Received a gift from Trog
 68353 | Zot:5    | Entered Level 5 of the Realm of Zot
 68468 | Zot:5    | Reached skill level 15 in Evocations
 68744 | Zot:5    | Reached skill level 18 in Dodging
 68763 | Zot:5    | Noticed an ancient lich
 68770 | Zot:5    | Killed an ancient lich
 68775 | Zot:5    | Reached skill level 19 in Armour
 68813 | Zot:5    | Noticed an ancient lich
 68815 | Zot:5    | Noticed an ancient lich
 68819 | Zot:5    | Killed an ancient lich
 68824 | Zot:5    | Killed an ancient lich
 68889 | Zot:5    | Noticed an ancient lich
 68894 | Zot:5    | Noticed an ancient lich
 68897 | Zot:5    | Killed an ancient lich
 68897 | Zot:5    | Reached skill level 25 in Fighting
 68900 | Zot:5    | Noticed an orb of fire
 68905 | Zot:5    | Killed an ancient lich
 68920 | Zot:5    | Killed an orb of fire
 69095 | Zot:5    | Received a gift from Trog
 69191 | Zot:5    | Noticed an ancient lich
 69204 | Zot:5    | Killed an ancient lich
 69204 | Zot:5    | Reached skill level 16 in Evocations
 69239 | Zot:5    | Noticed an ancient lich
 69245 | Zot:5    | Killed an ancient lich
 69248 | Zot:5    | Noticed an ancient lich
 69249 | Zot:5    | Noticed an orb of fire
 69251 | Zot:5    | Noticed an ancient lich
 69268 | Zot:5    | Killed an orb of fire
 69278 | Zot:5    | Killed an ancient lich
 69475 | Zot:5    | Noticed an orb of fire
 69485 | Zot:5    | Lost mutation: You sometimes yell uncontrollably at your foes. [an orb of fire]
 69494 | Zot:5    | Gained mutation: You are dopey. (Int -2) [an orb of fire]
 69497 | Zot:5    | Killed an orb of fire
 69526 | Zot:5    | Noticed an ancient lich
 69530 | Zot:5    | Noticed an orb of fire
 69543 | Zot:5    | Killed an ancient lich
 69554 | Zot:5    | Noticed an ancient lich
 69555 | Zot:5    | Killed an orb of fire
 69562 | Zot:5    | Killed an ancient lich
 69570 | Zot:5    | Killed an ancient lich
 69681 | Zot:5    | Paralysed by the power of Zot for 4 turns
 69734 | Zot:5    | Got the Orb of Zot
 69763 | Zot:5    | Noticed Liskiw the pandemonium lord
 69798 | Zot:5    | Reached skill level 19 in Dodging
 69919 | Zot:3    | Noticed Doesafug the pandemonium lord
 69926 | Zot:3    | Killed from afar by an electric golem

Skill      XL: |  1  2  3  4  5  6  7  8  9 10 11 12 13 14 15 16 17 18 19 20 21 22 23 24 25 26 27 |
---------------+----------------------------------------------------------------------------------+-----
Stealth        | 1 2 4 5 |  5.1
Long Blades    | 4 5 6 7 8 10 12 13 14 16 17 19 20 21 22 23 24 | 24.0
Fighting       | 4 5 6 7 8 10 11 12 13 14 15 16 17 18 19 20 21 22 25 | 25.7
Armour         | 2 3 4 6 7 9 10 11 12 13 14 15 16 19 | 19.9
Evocations     | 2 5 7 9 10 16 | 16.9
Dodging        | 3 5 8 11 13 19 | 19.0
Throwing       | 2 5 8 11 13 15 16 | 16.2

Action                   |  1- 3 |  4- 6 |  7- 9 | 10-12 | 13-15 | 16-18 | 19-21 | 22-24 | 25-27 || total
-------------------------+-------+-------+-------+-------+-------+-------+-------+-------+-------++-------
Melee: Falchion          |    89 |   247 |   262 |       |       |       |       |       |       ||   598
       Dagger            |     1 |       |     4 |       |     6 |    12 |       |       |       ||    23
       Long sword        |       |       |   200 |   768 |  1489 |    29 |       |       |       ||  2486
       Scimitar          |       |       |       |    97 |       |       |       |       |       ||    97
       Great sword       |       |       |       |    16 |    26 |   699 |       |       |       ||   741
       Constrict         |       |       |       |       |   283 |   226 |   247 |   256 |   417 ||  1429
       Triple sword      |       |       |       |       |       |   500 |  1251 |  1482 |  2871 ||  6104
Throw: Javelin           |       |       |       |       |       |    18 |    21 |    13 |    57 ||   109
Invok: Berserk           |     2 |     1 |     7 |    14 |     5 |     4 |     2 |     4 |     2 ||    41
       Trog's Hand       |       |     2 |       |       |     2 |     2 |       |       |     8 ||    14
       Burn Spellbooks   |       |       |       |       |     6 |     1 |     3 |     5 |     5 ||    20
       Brothers in Arms  |       |       |       |       |       |       |       |       |     1 ||     1
 Abil: Spit Poison       |     2 |     4 |     3 |     3 |     1 |     2 |    12 |       |       ||    27
       Evoke Flight      |       |       |       |       |       |     1 |       |       |     1 ||     2
       Evoke Blink       |       |       |       |       |       |       |       |     1 |     4 ||     5
       Stop Flying       |       |       |       |       |       |       |       |     1 |     1 ||     2
Evoke: Wand              |       |       |       |       |     7 |     3 |     9 |    10 |    23 ||    52
       Deck              |       |       |       |       |       |       |     6 |     9 |     5 ||    20
       Rod               |       |       |       |       |       |       |       |       |     6 ||     6
  Use: Scroll            |       |     5 |     4 |    15 |    18 |    20 |     2 |    25 |    25 ||   114
       Potion            |       |       |       |     1 |     2 |    12 |     5 |     5 |    17 ||    42
 Stab: Sleeping          |     1 |       |     4 |       |       |       |       |       |       ||     5
       Confused          |       |       |       |       |     1 |    10 |     1 |       |     2 ||    14
       Distracted        |       |       |       |       |       |     1 |       |       |     2 ||     3
  Eat: Chunk             |     3 |     6 |    11 |    24 |    36 |    32 |    16 |     5 |     9 ||   142
       Meat ration       |       |       |     1 |       |       |       |     2 |     1 |     2 ||     6
       Pizza             |       |       |     1 |     2 |     1 |     2 |     1 |     1 |     3 ||    11
       Royal jelly       |       |       |       |     2 |     1 |     1 |       |    11 |     1 ||    16
       Beef jerky        |       |       |       |       |       |       |     1 |     1 |     1 ||     3
       Bread ration      |       |       |       |       |       |       |       |       |     6 ||     6
Armor: Animal skin       |    21 |       |       |       |       |       |       |       |       ||    21
       Scale mail        |     6 |   142 |   255 |    50 |       |       |       |       |       ||   453
       Plate armour      |       |       |       |   482 |   873 |   982 |       |       |       ||  2337
       Gold dragon armou |       |       |       |       |       |   101 |  1523 |  1476 |  2669 ||  5769
Dodge: Dodged            |    39 |   107 |   179 |   202 |   298 |   294 |   237 |   321 |  1716 ||  3393
